 Dungeon Crawl Stone Soup version 0.25-a0-577-ga4619f409e (webtiles) character file.

Game seed: 12654820392025564982, levelgen mode: deterministic

31952 Flugslaktarn the Cleaver (level 13, 0/121 HPs)
             Began as a Deep Dwarf Fighter on Mar 2, 2020.
             Was a High Priest of Makhleb.
             Slain by a naga warrior
             ... wielding a +0 hand axe
              (12 damage)
             ... on level 1 of the Snake Pit.
             The game lasted 00:07:21 (9507 turns).

Flugslaktarn the Cleaver (Deep Dwarf Fighter)       Turns: 9507, Time: 00:07:21

Health: 0/121      AC: 18    Str: 25    XL:     13   Next: 28%
Magic:  1/1        EV:  4    Int:  9    God:    Makhleb [*****.]
Gold:   531        SH:  0    Dex: 14    Spells: 12/12 levels left

rFire    . . .     SeeInvis .   b - +8 battleaxe (venom)
rCold    . . .     Gourm    .   (shield currently unavailable)
rNeg     . . .     Faith    .   u - +0 plate armour
rPois    .         Spirit   .   (no helmet)
rElec    .         Reflect  .   f - +1 cloak
rCorr    .         Harm     .   (no gloves)
MR       +....     Clarity  +   (no boots)
Stlth    ..........             (no amulet)
HPRegen  0.00/turn              (no ring)
MPRegen  0.07/turn              (no ring)

@: non-regenerating, constricted
A: damage resistance, heal wounds, agile 1, clarity, low mp 1, sense
surroundings 2, shaggy fur 1, no regeneration
a: Heal Wounds, Minor Destruction, Lesser Servant of Makhleb, Major Destruction,
Greater Servant of Makhleb, Renounce Religion


You were on level 1 of the Snake Pit.
You worshipped Makhleb.
Makhleb was extremely pleased with you.
You were not hungry.

You visited 4 branches of the dungeon, and saw 17 of its levels.

You collected 618 gold pieces.
You spent 87 gold pieces at shops.

Inventory:

Hand Weapons
 a - a +1 hand axe of flaming
   (You took it off an orc on level 8 of the Dungeon)
 b - a +8 battleaxe of venom (weapon)
   (You took it off a wight on level 9 of the Dungeon)
 s - a +1 war axe
 y - a +0 broad axe
   (You found it on level 1 of the Lair of Beasts)
Missiles
 o - a throwing net (quivered)
Armour
 c - a +1 kite shield
 f - a +1 cloak (worn)
   (You found it on level 9 of the Dungeon)
 u - a +0 plate armour (worn)
   (You took it off an orc warrior on level 8 of the Dungeon)
Jewellery
 B - an uncursed amulet of harm
   (You found it on level 2 of the Lair of Beasts)
Wands
 l - a wand of acid (2)
   (You found it on level 7 of the Dungeon)
 p - a wand of iceblast (17)
   (You found it on level 8 of the Dungeon)
Scrolls
 g - a scroll of fog
 i - a scroll of magic mapping
 k - 5 scrolls of fear
 m - a scroll of holy word
 r - 6 scrolls of identify
 t - 4 scrolls of teleportation
 x - 7 scrolls of remove curse
Potions
 d - 3 potions of might
 h - 2 potions of flight
 j - 2 potions of stabbing
 n - a potion of invisibility
 q - 6 potions of curing
 v - a potion of magic {unknown}
 w - a potion of heal wounds
 z - a potion of mutation
 C - a potion of lignification
Comestibles
 e - 32 rations


   Skills:
 + Level 9.5 Fighting
 * Level 14.7 Axes
 + Level 11.1 Armour
 - Level 6.9 Shields
 + Level 13.5 Invocations


You had 12 spell levels left.
You didn't know any spells.
Your spell library was empty.

Dungeon Overview and Level Annotations

Branches:
Dungeon (9/15)             Temple (1/1) D:7            Lair (6/6) D:9
  Swamp (0/4) Lair:3        Snake (1/4) Lair:3
  Slime: Lair:5-6       Orc: D:9-12

Altars:
Ashenzari
Dithmenos
Gozag
Hepliaklqana
Kikubaaqudgha
Makhleb
Nemelex Xobeh
Ru
Trog
Vehumet
Xom
Zin
The Shining One

Shops:
D:5 *

Annotations:
Lair:3 2 transporters, Feuff's ghost, journeyman MiFi
Lair:5 exclusion: oklob plant
Snake:1 Aizul


Innate Abilities, Weirdness & Mutations

You are resistant to damage.
You can heal yourself by infusing magical energy.
You passively map the area around you.
You do not regenerate.
You are agile. (Dex +2)
You possess an exceptional clarity of mind.
Your magical capacity is low. (-10% MP)
You are covered in fur. (AC +1)


Message History

* * * LOW HITPOINT WARNING * * *
The naga hits you with a +0 trident.
* * * LOW HITPOINT WARNING * * *
The guardian serpent hits you but does no damage.
The naga warrior spits poison at you. The splash of poison hits you!
You are more poisoned.
* * * LOW HITPOINT WARNING * * *
x2 The naga warrior constricts you.
You are too injured to fight recklessly!
You are too injured to fight recklessly!
You are too injured to fight recklessly!
You feel better. The guardian serpent hits you. The salamander hits you.
* * * LOW HITPOINT WARNING * * *
You are engulfed in flames!
* * * LOW HITPOINT WARNING * * *
The naga hits you but does no damage.
The guardian serpent hits you but does no damage.
The naga warrior hits you with a +0 hand axe!
You die...

, * #.# **
* * * ≈ ≈
#.#### ≈≈
,####....,
* ≈ ∩≈
#...... , *
> ,#.....#
* ** * ≈≈
,#.....# .,
, , *≈
#.....##..#
, * *
#.N.N.....#
* *
#.S@..###.#
,* #.N)..#
, , * *
#.##### , ,
* #. ,, ,
#N* * * * ,
, * *+ * ,
* , ,, , *
, * , , , ,
* *


You could see a naga warrior, a salamander, a guardian serpent and a naga.

Vanquished Creatures
  2 hydras
  A two-headed ogre (D:9)
  2 death yaks (Lair:4)
  A lindwurm (Lair:4)
  A manticore (Lair:6)
  9 elephants
  4 spiny frogs
  3 black mambas
  A naga mage (Snake:1)
  A komodo dragon (Lair:5)
  A rime drake (Lair:4)
  3 meliai (Lair:4)
  A queen bee (Lair:4)
  2 hornets (Lair:6)
  3 polar bears
  2 bog bodies (Lair:3)
  6 hippogriffs
  14 blink frogs
  5 wyverns
  A spriggan (D:7)
  2 basilisks
  25 yaks
  A steam dragon (D:9)
  2 hungry ghosts
  2 nagas (Lair:3)
  7 water moccasins
  7 porcupines
  3 orc warriors
  An ice beast (D:8)
  An eye of draining (D:6)
  3 sky beasts
  3 black bears
  27 wolves (Lair:1)
  6 ogres
  3 centaurs
  7 crocodiles
  A big kobold (D:9)
  9 bullfrogs
  A wyvern zombie (D:6)
  2 scorpions
  38 killer bees
  11 wights
  3 howler monkeys
  2 electric eels
  A centaur zombie (D:8)
  3 crimson imps
  A bullfrog zombie (D:9)
  A quasit (D:5)
  6 hounds
  5 orc priests
  A bullfrog skeleton (D:8)
  A centaur skeleton (D:8)
  A gnoll shaman (D:8)
  3 jellies
  4 orc wizards
  Natasha (D:2)
  4 iguanas
  6 worker ants
  3 hound skeletons
  9 gnolls
  A howler monkey skeleton (D:7)
  3 adders
  3 shadow imps
  2 adder zombies
  An adder skeleton (D:7)
  2 worms
  5 leopard geckos
  30 orcs
  2 ball pythons
  4 bats
  4 giant cockroaches
  3 goblins (D:1)
  3 hobgoblins
  11 kobolds
  4 quokkas
  A frilled lizard (D:4)
  A giant cockroach zombie (D:6)
  A leopard gecko skeleton (D:4)
  A leopard gecko zombie (D:6)
  A quokka zombie (D:7)
  A rat (D:2)
  A fungus (Lair:3)
365 creatures vanquished.

Vanquished Creatures (collateral kills)
  2 elephants (Lair:3)
  A blink frog (Lair:3)
  A yak (Lair:3)
4 creatures vanquished.

Vanquished Creatures (others)
  2 fungi
2 creatures vanquished.

Grand Total: 371 creatures vanquished

Notes
Turn   | Place    | Note
-------+----------+-------------------------------------------
     0 | D:1      | Flugslaktarn the Deep Dwarf Fighter began the quest for the
                  | Orb.
     0 | D:1      | Reached XP level 1. HP: 20/20 MP: 1/1
    59 | D:1      | Reached XP level 2. HP: 27/27 MP: 2/2
   213 | D:2      | Noticed Natasha
   219 | D:2      | Killed Natasha
   219 | D:2      | Reached skill level 3 in Axes
   219 | D:2      | Reached XP level 3. HP: 21/34 MP: 3/3
   346 | D:3      | Reached XP level 4. HP: 42/42 MP: 3/3
   438 | D:4      | Reached skill level 4 in Axes
   438 | D:4      | Reached XP level 5. HP: 36/49 MP: 4/4
   634 | D:4      | Found a shattered altar of Ashenzari.
   720 | D:4      | Noticed an ogre
   726 | D:4      | Killed an ogre
   770 | D:4      | Noticed an ogre
   775 | D:4      | Killed an ogre
   775 | D:4      | Reached XP level 6. HP: 26/57 MP: 5/5
   779 | D:4      | Reached skill level 5 in Axes
  1121 | D:4      | Reached XP level 7. HP: 58/64 MP: 5/5
  1230 | D:5      | Entered Level 5 of the Dungeon
  1469 | D:5      | Reached skill level 5 in Armour
  1469 | D:5      | Reached skill level 5 in Shields
  1474 | D:5      | Found Qocritz's Assorted Antiques.
  1479 | D:5      | Bought a scroll labeled PIXZOKHOMN for 29 gold pieces
  1479 | D:5      | Bought a scroll labeled FUOQUY FIEZEIT for 29 gold pieces
  1479 | D:5      | Bought a scroll labeled PAZOAFI CIURRO for 29 gold pieces
  1551 | D:5      | Gained mutation: You are agile. (Dex +2) [potion of
                  | mutation]
  1551 | D:5      | Gained mutation: Your magical capacity is low. (-10% MP)
                  | [potion of mutation]
  1551 | D:5      | Gained mutation: You possess an exceptional clarity of
                  | mind. [potion of mutation]
  1551 | D:5      | Gained mutation: You are covered in fur. (AC +1) [potion of
                  | mutation]
  1691 | D:5      | Reached skill level 6 in Axes
  1850 | D:5      | Found a glowing silver altar of Zin.
  1850 | D:5      | Noticed an angel
  2022 | D:6      | Reached XP level 8. HP: 42/73 MP: 2/2
  2034 | D:6      | Reached skill level 7 in Axes
  2314 | D:6      | Reached skill level 5 in Fighting
  2342 | D:6      | Reached skill level 8 in Axes
  2614 | D:7      | Found a staircase to the Ecumenical Temple.
  2626 | D:7      | Gained mutation: You passively map the area around you.
                  | [Deep Dwarf growth]
  2626 | D:7      | Reached XP level 9. HP: 43/81 MP: 2/2
  2641 | Temple   | Entered the Ecumenical Temple
  2659 | Temple   | Became a worshipper of Makhleb the Destroyer
  2837 | D:7      | Reached skill level 1 in Invocations
  3533 | D:8      | Reached skill level 9 in Axes
  3563 | D:8      | Found a shattered altar of Ashenzari.
  3625 | D:8      | Reached * piety under Makhleb
  3774 | D:8      | Reached skill level 5 in Invocations
  4192 | D:9      | Reached XP level 10. HP: 63/91 MP: 4/4
  4262 | D:9      | Noticed a two-headed ogre
  4270 | D:9      | Killed a two-headed ogre
  4304 | D:9      | Reached ** piety under Makhleb
  4619 | D:9      | Reached skill level 10 in Axes
  4640 | D:9      | Found a staircase to the Lair.
  4923 | Lair:1   | Entered Level 1 of the Lair of Beasts
  4930 | Lair:1   | Reached skill level 10 in Invocations
  4934 | Lair:1   | Noticed a six-headed hydra
  4945 | Lair:1   | Killed a one-headed hydra
  4987 | Lair:1   | Noticed a spiny frog
  4992 | Lair:1   | Killed a spiny frog
  4999 | Lair:1   | Reached XP level 11. HP: 64/99 MP: 2/4
  5039 | Lair:1   | Reached skill level 11 in Axes
  5044 | Lair:1   | Reached *** piety under Makhleb
  5873 | Lair:2   | Reached skill level 12 in Axes
  5876 | Lair:2   | Reached **** piety under Makhleb
  6655 | Lair:3   | Noticed a five-headed hydra
  6670 | Lair:3   | Killed an eight-headed hydra
  6732 | Lair:3   | Reached XP level 12. HP: 97/110 MP: 5/5
  6781 | Lair:3   | Reached skill level 13 in Axes
  6863 | Lair:3   | Noticed Feuff's ghost (journeyman MiFi)
  6898 | Lair:3   | Found a transporter.
  6899 | Lair:3   | Found a transporter.
  6932 | Lair:3   | Found a staircase to the Snake Pit.
  6956 | Lair:3   | Reached skill level 10 in Armour
  6981 | Lair:3   | Found a staircase to the Swamp.
  7722 | Lair:4   | Reached ***** piety under Makhleb
  7722 | Lair:4   | Noticed a death yak
  7731 | Lair:4   | Killed a death yak
  7793 | Lair:4   | Reached skill level 14 in Axes
  7815 | Lair:4   | Noticed a death yak
  7825 | Lair:4   | Killed a death yak
  8046 | Lair:4   | Reached XP level 13. HP: 68/121 MP: 5/5
  9352 | Lair:6   | Entered Level 6 of the Lair of Beasts
  9367 | Lair:6   | Noticed an Executioner
  9492 | Snake:1  | Entered Level 1 of the Snake Pit
  9494 | Snake:1  | Noticed Aizul
  9507 | Snake:1  | Slain by a naga warrior

Levels and vault maps discovered:
D:1:      onia_arrival_mini_spirals, layout_basic
D:2:      layout_basic, uniq_terence, uniq_natasha
D:3:      layout_loops_cross, first_ration, chequers_ecumenical_altar_lobes
D:4:      layout_basic, kennysheep_cross_bottleneck, cheibrodos_ashenzari_chains
D:5:      layout_basic, zin_angel, serial_shops, kennysheep_little_box
D:6:      layout_basic, kennysheep_generic_room_14
D:7:      layout_basic, minmay_temple_entry_large_hall, the_bakery
D:8:      layout_basic, basic_altar, minmay_diced_spiral
D:9:      layout_basic, erik_lair_dragon
Temple:   nicolae_temple_the_god_donut
Lair:1:   layout_long_grid, eino_small_chamber_without_monster,
          grunt_forest_large_clearings
Lair:2:   layout_loops_ring, lemuel_fruit_tree
Lair:3:   layout_cave_pods, skrybe_swamp_entry_bodies,
          guppyfry_snake_entry_island, gammafunk_ghost_hive
Lair:4:   regret_index_combs_of_tragedy, layout_cave_pods, serial_bayou_shore_a
Lair:5:   layout_roguey, minmay_slime_entry_oklob_enclosed, beast_lair_carwin_11
Lair:6:   gammafunk_lair_ancient_temple, layout_hall_layers, serial_bayou,
          serial_bayou_lagoon_b, serial_bayou_pond_b, serial_bayou_pond_c,
          serial_bayou_lake_a
Snake:1:  layout_basic, serial_shops, bzr_entry_islet, gammafunk_ghost_cemetery,
          statue_in_the_mist_lemuel, uniq_aizul

Skill      XL: |  1  2  3  4  5  6  7  8  9 10 11 12 13 |
---------------+----------------------------------------+-----
Fighting       | 3 4 5 6 8 9 |  9.5
Axes           | 3 4 5 6 8 9 10 12 14 | 14.7
Armour         | 4 5 6 8 9 10 11 | 11.1
Shields        | 4 5 6 |  6.9
Invocations    | 9 10 11 13 | 13.5

Action                   |  1- 3 |  4- 6 |  7- 9 | 10-12 | 13-15 || total
-------------------------+-------+-------+-------+-------+-------++-------
Melee: War axe           |    87 |    63 |   495 |       |       ||   645
       Battleaxe         |       |       |       |   406 |    80 ||   486
       Hand axe          |       |       |       |     9 |       ||     9
Invok: Lesser Servant of |       |       |       |     2 |       ||     2
       Greater Servant o |       |       |       |       |     1 ||     1
 Abil: Heal Wounds       |     2 |     3 |    23 |    12 |     8 ||    48
Evoke: Wand              |       |       |     4 |       |       ||     4
  Use: Scroll            |       |       |    13 |     4 |     9 ||    26
       Potion            |       |       |     5 |     2 |     1 ||     8
  Eat: Chunk             |       |     1 |    18 |     6 |     3 ||    28
       Ration            |       |       |     3 |     2 |     1 ||     6
Armor: Scale mail        |    56 |    18 |   178 |       |       ||   252
       Plate armour      |       |       |    12 |   478 |    96 ||   586
       Skin              |       |       |     7 |       |       ||     7
Dodge: Dodged            |    38 |    20 |   137 |   267 |    38 ||   500
Block: Kite shield       |    60 |    26 |   334 |       |       ||   420

Table legend:
 A = Non-vault XP
 B = Vault XP
 C = Vault XP percentage of total XP
 D = Non-vault monster count
 E = Vault monster count
 F = Vault count percentage of total count
                 A         B        C        D         E       F
            +---------+---------+-------+---------+---------+-------
      Total |   27444 |   18202 |  39.9 |     259 |     109 |  29.6
            +---------+---------+-------+---------+---------+-------
        D:1 |      22 |       0 |   0.0 |      11 |       0 |   0.0
        D:2 |      16 |      35 |  68.6 |       8 |       1 |  11.1
        D:3 |      33 |       0 |   0.0 |       6 |       0 |   0.0
        D:4 |     652 |       0 |   0.0 |      21 |       0 |   0.0
        D:5 |     402 |       0 |   0.0 |      20 |       0 |   0.0
        D:6 |    1249 |       1 |   0.1 |      19 |       1 |   5.0
        D:7 |     877 |     201 |  18.6 |      19 |       1 |   5.0
        D:8 |    1408 |     286 |  16.9 |      42 |       5 |  10.6
        D:9 |    2052 |     912 |  30.8 |      26 |       5 |  16.1
     Lair:1 |    5748 |    3126 |  35.2 |      28 |      27 |  49.1
     Lair:2 |    2354 |       0 |   0.0 |      12 |       0 |   0.0
     Lair:3 |    6813 |     828 |  10.8 |      25 |       4 |  13.8
     Lair:4 |    2270 |   10402 |  82.1 |      10 |      56 |  84.8
     Lair:5 |    1202 |     395 |  24.7 |       4 |       2 |  33.3
     Lair:6 |    1922 |    2016 |  51.2 |       7 |       7 |  50.0
    Snake:1 |     424 |       0 |   0.0 |       1 |       0 |   0.0
            +---------+---------+-------+---------+---------+-------
